 Dungeon Crawl Stone Soup version 0.23.0 (webtiles) character file.

Game seed: 1938549689831893806

74 misha the Shield-Bearer (level 4, -4/40 HPs)
             Began as a Minotaur Fighter on Feb 17, 2019.
             Splashed by an oklob plant's acid (15 damage)
             ... on level 2 of the Dungeon.
             The game lasted 00:09:55 (1523 turns).

misha the Shield-Bearer (Minotaur Fighter)          Turns: 1523, Time: 00:09:56

Health: -4/40      AC:  3    Str: 22    XL:     4   Next: 10%
Magic:  3/3        EV:  8    Int:  5    God:
Gold:   75         SH:  9    Dex:  9    Spells: 3/3 levels left

rFire    . . .     SeeInvis .   a - +0 trident
rCold    . . .     Gourm    .   c - +0 shield
rNeg     . . .     Faith    .   b - +0 scale mail
rPois    .         Spirit   .   (helmet restricted)
rElec    .         Reflect  .   (no cloak)
rCorr    .         Harm     .   (no gloves)
MR       .....                  (no boots)
Stlth    ..........             (no amulet)
HPRegen  0.13/turn              (no ring)
MPRegen  0.08/turn              (no ring)

@: corroded
A: retaliatory headbutt, horns 2
a: no special abilities


You were on level 2 of the Dungeon.
You were not hungry.

You visited 1 branch of the dungeon, and saw 2 of its levels.

You collected 75 gold pieces.

Inventory:

Hand Weapons
 a - a +0 trident (weapon)
Missiles
 e - a throwing net (quivered)
Armour
 b - a +0 scale mail (worn)
 c - a +0 shield (worn)
Scrolls
 g - 3 scrolls of enchant weapon {unknown}
 h - 2 scrolls of remove curse {unknown}
 j - 3 scrolls of identify {unknown}
 k - a scroll of immolation {unknown}
 l - a scroll of enchant armour {unknown}
 m - a scroll of teleportation {unknown}
Potions
 d - a potion of resistance {unknown}
 i - a potion of magic {unknown}
Comestibles
 f - 6 rations


   Skills:
 + Level 4.1 Fighting
 + Level 3.5 Polearms
 + Level 4.1 Armour
 + Level 0.7 Dodging
 + Level 4.5 Shields


You had 3 spell levels left.
You didn't know any spells.
Your spell library was empty.

Dungeon Overview and Level Annotations

Branches:
Dungeon (2/15)

Altars:
Fedhas

Annotations:
D:2 exclusion: oklob plant


Innate Abilities, Weirdness & Mutations

You reflexively headbutt those who attack you in melee.
You have a pair of horns on your head.


Message History

No reachable target in view!
No reachable target in view!
No reachable target in view!
No reachable target in view!
No reachable target in view!
No reachable target in view!
You hit the plant. You headbutt the plant.
You destroy the plant!
You see here a ration.
The oklob plant spits acid at you. The splash of acid hits you!
You are splashed with acid!
The oklob plant spits acid at you. The splash of acid misses you.
The splash of acid hits the plant!
The plant is splashed with acid!
The acid corrodes the plant!
You see here a ration.
The oklob plant spits acid at you. The splash of acid hits you!
* * * LOW HITPOINT WARNING * * *
The acid corrodes you!
You are splashed with acid!
You die... ################# #♣#PP#P.PPPP♣P♣P..P♣ #PPP%#PP.P#.P♣P.PPPP #♣P..PPP♣PPPP#P#♣PPP

#P%%PPP♣PP♣.♣.#P#PPP
#PP@PP.P........#P♣.
#PP%PP#..≈≈≈≈≈..#PPP
#PPP....≈≈≈≈≈≈≈..PPP
#P#♣P..≈≈≈≈≈≈≈≈≈..P. ########
#PPPP.≈≈≈≈≈≈≈≈≈≈≈.PP .......#
#P.♣..≈≈≈≈...≈≈≈≈.## ######.#
#PPP......._.≈≈≈≈... #.#
#♣PPP.≈≈≈≈...≈≈≈≈.##
#####.#######PPPP.≈≈≈≈≈≈≈≈≈≈≈.#P


You could see an oklob plant.

Vanquished Creatures
  3 adders (D:2)
  An ooze (D:1)
  A worm (D:2)
  2 dart slugs
  2 leopard geckos
  2 giant cockroaches
  2 goblins
  5 hobgoblins
  6 kobolds
  3 bats (D:1)
  2 frilled lizards (D:1)
  8 rats
  A fungus (D:2)
  4 plants (D:2)
42 creatures vanquished.

Vanquished Creatures (others)
  20 toadstools (D:2)
20 creatures vanquished.

Grand Total: 62 creatures vanquished

Notes
Turn   | Place    | Note
-------+----------+-------------------------------------------
     0 | D:1      | misha the Minotaur Fighter began the quest for the Orb.
     0 | D:1      | Reached XP level 1. HP: 19/19 MP: 0/0
    99 | D:1      | Reached XP level 2. HP: 11/27 MP: 1/1
   590 | D:1      | Reached XP level 3. HP: 33/33 MP: 2/2
  1042 | D:2      | Reached XP level 4. HP: 35/40 MP: 3/3
  1217 | D:2      | Found a blossoming altar of Fedhas.
  1232 | D:2      | Noticed an oklob plant
  1523 | D:2      | Splashed by an oklob plant's acid

Skill      XL: |  1  2  3 |
---------------+----------+-----
Shields        | 4 |  4.5
Armour         | 4 |  4.1
Polearms       | 3 |  3.5
Fighting       | 4 |  4.1
Dodging        | |  0.7

Action                   |  1- 3 |  4- 6 || total
-------------------------+-------+-------++-------
Melee: Trident           |   109 |    86 ||   195
       Headbutt          |     8 |    27 ||    35
  Use: Potion            |     1 |       ||     1
  Eat: Chunk             |       |     2 ||     2
Armor: Scale mail        |    52 |     3 ||    55
Dodge: Dodged            |    33 |     4 ||    37
Block: Shield            |    58 |     6 ||    64
